 Dungeon Crawl Stone Soup version 0.28-a0-1143-gcf6077d4cc (webtiles) character file.

Game seed: 1221621427626837800

2 emnemthenerd the Grave Robber (level 1, -6/13 HPs)
             Began as a Human Necromancer on Dec 14, 2021.
             Mangled by a worm (8 damage)
             ... on level 2 of the Dungeon.
             The game lasted 00:02:39 (310 turns).

emnemthenerd the Grave Robber (Human Necromancer)    Turns: 310, Time: 00:02:39

Health: -6/13      AC:  2    Str:  8    XL:     1   Next: 44%
Magic:  0/3        EV: 12    Int: 15    God:
Gold:   17         SH:  0    Dex: 13    Spells: 3/4 levels left

rFire   . . .      SeeInvis .   (no weapon)
rCold   . . .      Faith    .   (no shield)
rNeg    . . .      Spirit   .   a - +0 robe
rPois   .          Reflect  .   (no helmet)
rElec   .          Harm     .   (no cloak)
rCorr   .          Rampage  .   (no gloves)
Will    .....                   (no boots)
Stlth   ++........              (no amulet)
HPRegen 0.04/turn               (no ring)
MPRegen 0.08/turn               (no ring)

@: mighty
A: no striking features
a: no special abilities


You were on level 2 of the Dungeon.
You visited 1 branch of the dungeon, and saw 2 of its levels.

You collected 17 gold pieces.

Inventory:

Armour
 a - a +0 robe (worn)
Scrolls
 d - a scroll of immolation {unknown}


   Skills:
 + Level 2.0 Dodging
 + Level 2.0 Stealth
 + Level 2.0 Spellcasting
 + Level 4.1 Necromancy


You had 3 spell levels left.
You knew the following spells:

 Your Spells              Type           Power      Damage    Failure   Level
a - Pain                  Necr           52%        1d6       4%          1

Your spell library contained the following spells:

 Spells                   Type           Power      Damage    Failure   Level
 Animate Skeleton         Necr           26%        N/A       4%          1
 Vampiric Draining        Necr           13%        2d6       12%         3
 Magic Dart               Conj           4%         1d3       22%         1
 Call Imp                 Summ           1%         N/A       32%         2
 Mephitic Cloud           Conj/Pois/Air  1%         N/A       54%         3
 Animate Dead             Necr           6%         N/A       38%         4
 Agony                    Necr           13%        N/A       75%         5


Dungeon Overview and Level Annotations

Branches:
Dungeon (2/15)

Altars:

Shops:
D:1 *


Message History

Press: ? - help, Shift-Dir - straight line, f - worm
Aim: a worm (wandering, hasn't noticed you, chance to affect: 77%)
The worm writhes in agony.
Casting: Pain (safe; 4% risk of failure)
Confirm with . or Enter, or press ? or * to list all spells.
Aiming: Pain (safe; 4% risk of failure)
Press: ? - help, Shift-Dir - straight line, f/p - worm
Aim: a worm (moderately wounded, chance to affect: 77%)
The worm barely resists.
Casting: Pain (safe; 4% risk of failure)
Confirm with . or Enter, or press ? or * to list all spells.
Aiming: Pain (safe; 4% risk of failure)
Press: ? - help, Shift-Dir - straight line, f/p - worm
Aim: a worm (moderately wounded, chance to affect: 77%)
The worm writhes in agony.
The worm bites you!
Ouch! That really hurt!
* * * LOW HITPOINT WARNING * * *
Casting: Pain (safe; 4% risk of failure)
Confirm with . or Enter, or press ? or * to list all spells.
You don't have enough magic to cast this spell.
Casting: Pain (safe; 4% risk of failure)
Confirm with . or Enter, or press ? or * to list all spells.
You don't have enough magic to cast this spell.
Unknown command.
As you read the scroll labelled MYSUISCH PUOX, it crumbles to dust.
It is a scroll of identify.
c - a potion of might Unknown command.
You feel very mighty all of a sudden.
Casting: Pain (safe; 4% risk of failure)
Confirm with . or Enter, or press ? or * to list all spells.
You don't have enough magic to cast this spell.
You hit the worm.
The worm is moderately wounded.
The worm closely misses you.
You hit the worm.
The worm is heavily wounded.
The worm bites you!
Ouch! That really hurt!
You die...

###.## .#...#
######.#...#
#......#...#
#..#...#
#w.#...#
#@##...#
#......#
#########.#.#
..........#.#
.##########.#
#.# #.# #.#
#.#


You could see a worm.

Vanquished Creatures
  A hobgoblin (D:1)
  A quokka (D:1)
2 creatures vanquished.

Notes
Turn   | Place    | Note
-------+----------+-------------------------------------------
     0 | D:1      | emnemthenerd the Human Necromancer began the quest for the
                  | Orb.
     0 | D:1      | Reached XP level 1. HP: 13/13 MP: 3/3
    86 | D:1      | Found Nakao's General Store.
   310 | D:2      | Mangled by a worm

Illustrated notes

Levels and vault maps discovered:
D:1:      matt_arrival_diagonals, layout_basic, serial_shops,
          nicolae_shop_hallway_stairs
D:2:      layout_basic, dilly_ecumenical_altar_fadedgnrine,
          serial_bayou_crossing

Action                   || total
-------------------------++-------
Melee: Unarmed           ||     8
 Cast: Pain              ||     6
  Use: Scroll            ||     1
       Potion            ||     1
Armor: Robe              ||     1
Dodge: Dodged            ||     4

Table legend: (Time is in decaauts)
 A = Elapsed time spent in this place.
 B = Non-inter-level travel time spent in this place.
 C = Inter-level travel time spent in this place.
 D = Time resting spent in this place.
 E = Time spent auto-exploring this place.
 F = Levels seen in this place.
 G = Mean time per level.
                   A        B        C        D        E       F      G
               +--------+--------+--------+--------+--------+-----+--------+
         Total |    309 |    309 |      0 |    139 |     52 |   2 |  154.5 |
       Dungeon |    309 |    309 |      0 |    139 |     52 |   2 |  154.5 |
               +--------+--------+--------+--------+--------+-----+--------+

Top non-repeatable levels by time:
     D:1: 256 daAuts
     D:2: 53 daAuts
